[Event "SVK-ch Open 2018"]
[Site "Banska Stiavnica"]
[Date "2018.07.08"]
[Round "2"]
[White "Rakovsky, Jakub"]
[Black "Demeter, Peter"]
[Result "0-1"]
[ECO "B00"]
[WhiteElo "1409"]
[BlackElo "2146"]
[Annotator "NA"]
[PlyCount "118"]
[EventDate "2018.07.07"]
[EventType "swiss"]
[EventCountry "SVK"]
[SourceTitle "playchess.com"]
[Source "ChessBase"]
[SourceQuality "1"]
[TimeControl "40/5400+30:1800+30"]

1. e4 d6 2. d4 Nd7 3. Nf3 e5 4. Bc4 Be7 5. dxe5 dxe5 {[%emt 0:01:48] C41: Philidor Defence} (5... Nxe5 6. Nxe5 dxe5 7. Qh5 g6 8. Qxe5 Nf6 9. Bh6 Rg8 10. Nc3 Qd6 11. Qxd6 Bxd6 12. Bd2 Be6 13. Bd3 O-O-O 14. Bg5 Be7 15. e5 Nd5 16. Bxe7 Nxe7 17. O-O-O h6 {½-½ (27) Van den Doel,E (2591)-Ypma,P (2324) Belgium 2018}) 6. Ng5 Bxg5 7. Qh5 g6 8. Qxg5 Qxg5 9. Bxg5 f6 $146 ({Predecessor:} 9... h6 10. Be3 Ngf6 11. Nc3 c6 12. a4 Ng4 13. Bd2 {0-1 (37) Schneider,E (1719)-Lessmann,S (1604) Willingen 2018}) 10. Be3 Nf8 11. Nc3 c6 12. f3 Be6 13. Bxe6 Nxe6 14. Ne2 a6 15. c3 Rd8 16. Rd1 Rxd1+ 17. Kxd1 Ne7 18. Kc2 Nc8 19. Rd1 Ke7 20. Nc1 Nd6 21. Nd3 $11 Nc4 22. Bg1 Rd8 23. b3 Na3+ 24. Kb2 Nb5 25. a4 Nd6 26. Kc2 Nf7 27. Nc5 Rxd1 28. Kxd1 Nd6 29. Nxe6 Kxe6 30. Ke2 b5 31. axb5 cxb5 32. b4 f5 33. Kd3 fxe4+ 34. fxe4 Nc4 35. Bf2 h5 36. Be1 g5 37. h3 g4 38. Bf2 gxh3 39. gxh3 Kd6 40. h4 a5 41. bxa5 Nxa5 42. Bg1 Nc4 43. Bf2 Kc6 44. Bg1 Kb7 45. Bc5 Ka6 46. Bf2 Ka5 47. Be1 Ka4 48. Bf2 Kb3 49. Bg3 Kb2 50. Be1 Kc1 51. Bg3 Kd1 52. Bf2 Nb2+ 53. Ke3 Kc2 54. Bg3 Nc4+ 55. Kf3 Kxc3 56. Ke2 Kd4 57. Kf3 b4 58. Bf2+ Kd3 59. Be1 b3 0-1

[Event "SVK-ch Open 2018"]
[Site "Banska Stiavnica"]
[Date "2018.07.10"]
[Round "4"]
[White "Aczel, Gergely"]
[Black "Szeberenyi, Adam"]
[Result "1-0"]
[ECO "D70"]
[WhiteElo "2543"]
[BlackElo "2372"]
[Annotator "ChessBase"]
[PlyCount "99"]
[EventDate "2018.07.07"]
[EventType "swiss"]
[EventCountry "SVK"]
[SourceTitle "playchess.com"]
[Source "ChessBase"]
[SourceQuality "1"]
[TimeControl "40/5400+30:1800+30"]

1. d4 Nf6 2. c4 g6 3. f3 d5 4. cxd5 Nxd5 5. e4 Nb6 6. Nc3 Bg7 7. Be3 O-O 8. Qd2 Nc6 9. O-O-O f5 10. e5 Nb4 11. Nh3 Be6 12. Kb1 Qd7 13. Nf4 Rfd8 14. a3 a5 15. d5 N4xd5 16. Ncxd5 Nxd5 17. Bc4 c6 18. Bb6 Bh6 19. Bxd8 Rxd8 20. g3 Bxf4 21. gxf4 b5 22. Bxd5 Qxd5 23. Qxd5 Bxd5 24. Kc2 Rc8 25. Rd3 e6 26. b4 axb4 27. axb4 c5 28. Rc3 c4 29. Ra1 Kg7 30. Ra5 Rb8 31. Kd2 g5 32. Ke3 g4 33. fxg4 fxg4 34. f5 exf5 35. Kf4 Be6 36. Ra6 Kf7 37. Ra7+ Kg6 38. Re7 Rb6 39. Ra3 Rc6 40. Raa7 h6 41. Rec7 Rxc7 42. Rxc7 Bd5 43. Rc5 Be4 44. Rxb5 c3 45. Rc5 c2 46. b5 h5 47. b6 h4 48. Rxc2 g3 49. hxg3 h3 50. Rh2 1-0

[Event "SVK-ch Open 2018"]
[Site "Banska Stiavnica"]
[Date "2018.07.10"]
[Round "4"]
[White "Bokros, Albert"]
[Black "Ruckschloss, Karol"]
[Result "1-0"]
[ECO "C00"]
[WhiteElo "2483"]
[BlackElo "2245"]
[Annotator "RC"]
[PlyCount "77"]
[EventDate "2018.07.07"]
[EventType "swiss"]
[EventCountry "SVK"]
[SourceTitle "playchess.com"]
[Source "ChessBase"]
[SourceQuality "1"]
[TimeControl "40/5400+30:1800+30"]

1. e4 e6 2. Qe2 c5 3. Nf3 Nc6 4. g3 g6 5. Bg2 Bg7 6. O-O Nge7 7. c3 d6 8. d3 O-O 9. Na3 b6 10. Rd1 Ba6 11. Be3 d5 12. exd5 exd5 13. Qd2 Nf5 14. Bf4 d4 15. c4 Bb7 16. Nc2 a5 17. Na3 Nd6 18. Re1 Qd7 19. Bxd6 Qxd6 20. Nb5 Qd7 21. a3 Na7 22. Nxa7 Rxa7 23. Qf4 Raa8 24. Nd2 Bxg2 25. Kxg2 Rfe8 26. Ne4 Re6 27. Ng5 Bh6 28. Rxe6 fxe6 29. Qe4 Re8 30. Nf3 Bg7 31. h4 Bf6 32. h5 Kg7 33. Rh1 Qc8 34. hxg6 hxg6 35. Qf4 e5 36. Qh6+ Kf7 37. Qh7+ Bg7 38. Ng5+ Kf8 39. Qxg6 1-0

[Event "SVK-ch Open 2018"]
[Site "Banska Stiavnica"]
[Date "2018.07.10"]
[Round "4"]
[White "Talla, Vladimir"]
[Black "Macko, Michal"]
[Result "1/2-1/2"]
[ECO "E24"]
[WhiteElo "2402"]
[BlackElo "2158"]
[Annotator "NA"]
[PlyCount "34"]
[EventDate "2018.07.07"]
[EventType "swiss"]
[EventCountry "SVK"]
[SourceTitle "playchess.com"]
[Source "ChessBase"]
[SourceQuality "1"]
[TimeControl "40/5400+30:1800+30"]

1. d4 Nf6 2. c4 e6 3. Nc3 Bb4 4. a3 Bxc3+ 5. bxc3 b6 6. f3 d6 $11 7. e4 Nc6 8. Bd3 Na5 9. Nh3 Ba6 10. Bg5 Qd7 11. e5 dxe5 12. dxe5 h6 13. Be3 Ng8 14. Be4 O-O-O 15. Qxd7+ Rxd7 16. c5 Ne7 17. Kf2 Rhd8 1/2-1/2

[Event "SVK-ch Open 2018"]
[Site "Banska Stiavnica"]
[Date "2018.07.10"]
[Round "4"]
[White "Jablonicky, Martin"]
[Black "Demeter, Peter"]
[Result "1/2-1/2"]
[ECO "B07"]
[WhiteElo "2356"]
[BlackElo "2146"]
[Annotator "NA"]
[PlyCount "104"]
[EventDate "2018.07.07"]
[EventType "swiss"]
[EventCountry "SVK"]
[SourceTitle "playchess.com"]
[Source "ChessBase"]
[SourceQuality "1"]
[TimeControl "40/5400+30:1800+30"]

1. e4 d6 2. d4 Nf6 3. Nc3 g6 4. Bf4 Bg7 5. Qd2 O-O 6. Bh6 e5 7. d5 c6 $11 (7... Nxe4 $5 8. Nxe4 Qh4 9. Bxg7 Qxe4+ 10. Ne2 Kxg7 $15) 8. h4 cxd5 9. exd5 Bxh6 10. Qxh6 Qb6 11. Qd2 Qxb2 12. Rb1 Qa3 13. h5 Nbd7 14. Be2 Nb6 15. Nf3 Bg4 16. Rb3 Qc5 17. Ng5 Bxe2 18. Nce4 Nxe4 19. Nxe4 Qd4 20. Qxd4 exd4 21. Kxe2 Nxd5 22. hxg6 hxg6 23. Rxb7 Rfc8 24. Kd2 Rcb8 25. Rhb1 Nb6 26. Rxb8+ Rxb8 27. Rb4 Rd8 28. Rxd4 d5 29. g4 Kf8 30. Nf6 Ke7 31. g5 Ke6 32. Ng4 Rc8 33. Rf4 Nd7 34. Nh6 f5 35. Ra4 Rc7 36. Ra6+ Nb6 37. f4 d4 38. Kd3 Rc3+ 39. Kxd4 Rf3 40. Rxa7 Rxf4+ 41. Kc5 Nd7+ 42. Kb5 Ne5 43. Rc7 Rf1 44. Kc5 Rc1 45. Kd4 Nf3+ 46. Ke3 Nxg5 47. Rc6+ Ke5 48. Rxg6 Ne4 49. Nf7+ Kd5 50. Rg2 Re1+ 51. Kf3 Rf1+ 52. Ke2 Rc1 1/2-1/2

[Event "SVK-ch Open 2018"]
[Site "Banska Stiavnica"]
[Date "2018.07.10"]
[Round "4"]
[White "Vojtek, Vladimir"]
[Black "Cech, Dominik"]
[Result "1/2-1/2"]
[ECO "A48"]
[WhiteElo "2310"]
[BlackElo "2151"]
[Annotator "NA"]
[PlyCount "91"]
[EventDate "2018.07.07"]
[EventType "swiss"]
[EventCountry "SVK"]
[SourceTitle "playchess.com"]
[Source "ChessBase"]
[SourceQuality "1"]
[TimeControl "40/5400+30:1800+30"]

1. d4 Nf6 2. Nf3 g6 3. Nc3 d5 4. Bf4 Bg7 5. e3 a6 6. Be2 c5 7. O-O Nc6 8. Ne5 cxd4 9. exd4 Qb6 10. Nxc6 Qxc6 11. Bf3 O-O 12. Re1 Be6 13. a4 b5 14. axb5 axb5 15. Na2 Qb6 16. c3 Ra4 17. Nb4 Rfa8 18. Rc1 Rd8 19. Qb3 Qb7 20. h3 h5 21. Rcd1 Bf5 22. c4 Be4 23. Bxe4 dxe4 24. c5 Rxb4 25. Qxb4 Nd5 26. Qd2 Nxf4 27. Qxf4 Bxd4 28. Rc1 Bxb2 29. Rc2 Bd4 30. c6 Qb6 31. Qxe4 e5 32. c7 Rc8 33. Qd5 Kg7 34. Qd7 Qb7 35. Rb1 b4 36. Qc6 Qa7 37. Rxb4 Qa1+ 38. Kh2 Qe1 39. Rxd4 exd4 40. Qd6 Qd1 41. Rc4 d3 42. Rd4 Qe2 43. f4 Qe6 44. Qd8 Qf6 45. Kg3 Rxc7 46. Qxf6+ 1/2-1/2

[Event "SVK-ch Open 2018"]
[Site "Banska Stiavnica"]
[Date "2018.07.10"]
[Round "4"]
[White "Urhegyi, Marton"]
[Black "Pacher, Milan"]
[Result "0-1"]
[ECO "C68"]
[WhiteElo "2303"]
[BlackElo "2467"]
[Annotator "ChessBase"]
[PlyCount "96"]
[EventDate "2018.07.07"]
[EventType "swiss"]
[EventCountry "SVK"]
[SourceTitle "playchess.com"]
[Source "ChessBase"]
[SourceQuality "1"]
[TimeControl "40/5400+30:1800+30"]

1. e4 e5 2. Nf3 Nc6 3. Bb5 a6 4. Bxc6 dxc6 5. O-O Bd6 6. d4 exd4 7. Qxd4 f6 8. Nbd2 Be6 9. Nb3 b6 10. e5 fxe5 11. Nxe5 Ne7 12. Bg5 O-O 13. Nc4 c5 14. Qe4 Bd5 15. Qd3 h6 16. Qxd5+ Nxd5 17. Bxd8 Raxd8 18. Rad1 Be7 19. c3 Nf4 20. Rxd8 Rxd8 21. g3 Nd3 22. Nc1 b5 23. Nxd3 Rxd3 24. Ne5 Rd2 25. Rb1 c4 26. Nf3 Rd3 27. Ne1 Rd5 28. Kf1 Bc5 29. Nf3 Kf7 30. Re1 Kf6 31. Re8 Rd1+ 32. Re1 Rd3 33. Ng1 a5 34. Ke2 g5 35. h3 a4 36. a3 h5 37. Nf3 Kf5 38. Rh1 Rd8 39. g4+ Kf4 40. Nh2 h4 41. Re1 Rd3 42. Kf1 Rxh3 43. Kg2 Rd3 44. Re2 h3+ 45. Kf1 Rd1+ 46. Re1 Rd2 47. Re2 Rxe2 48. Kxe2 Bd6 0-1

[Event "SVK-ch Open 2018"]
[Site "Banska Stiavnica"]
[Date "2018.07.10"]
[Round "4"]
[White "Kantorik, Marian"]
[Black "Furman, Slavomir"]
[Result "1-0"]
[ECO "A88"]
[WhiteElo "2260"]
[BlackElo "1768"]
[Annotator "NA"]
[PlyCount "53"]
[EventDate "2018.07.07"]
[EventType "swiss"]
[EventCountry "SVK"]
[SourceTitle "playchess.com"]
[Source "ChessBase"]
[SourceQuality "1"]
[TimeControl "40/5400+30:1800+30"]

1. d4 f5 2. c4 Nf6 3. Nc3 d6 4. Nf3 g6 5. g3 Bg7 6. Bg2 O-O 7. O-O c6 $14 8. d5 e5 9. dxe6 Bxe6 10. Qd3 Na6 11. Ng5 Re8 12. Nxe6 Rxe6 13. Bf4 Qd7 14. Rad1 Rd8 15. a3 Nc5 16. Qc2 Nce4 17. Nxe4 Nxe4 18. f3 Nf6 19. e4 fxe4 20. Bh3 exf3 21. Rxf3 Qe8 22. Bxe6+ Qxe6 23. Re3 Qg4 24. Qe2 Qf5 25. Re7 b5 26. Rxg7+ Kxg7 27. Qe7+ 1-0

[Event "SVK-ch Open 2018"]
[Site "Banska Stiavnica"]
[Date "2018.07.10"]
[Round "4"]
[White "Franzen, Jozef"]
[Black "Brhel, Jan"]
[Result "1-0"]
[ECO "A04"]
[WhiteElo "2256"]
[BlackElo "2070"]
[Annotator "NA"]
[PlyCount "104"]
[EventDate "2018.07.07"]
[EventType "swiss"]
[EventCountry "SVK"]
[SourceTitle "playchess.com"]
[Source "ChessBase"]
[SourceQuality "1"]
[TimeControl "40/5400+30:1800+30"]

1. Nf3 d6 2. d4 Nf6 3. g3 g6 4. Bg2 Bg7 5. O-O O-O 6. c4 Nbd7 7. Nc3 c6 8. e4 Qc7 9. h3 e5 10. Be3 Re8 11. d5 cxd5 12. cxd5 a6 13. Rc1 Qb8 14. Nd2 b5 15. Qe2 Nb6 16. a3 Bd7 17. Rc2 Rc8 18. Rfc1 Nc4 19. Nxc4 Rxc4 20. b3 Rc8 21. Na2 Rxc2 22. Qxc2 Ne8 23. Nb4 Bf6 24. Nc6 Qb7 25. Na5 Qb8 26. Qd2 Bd8 27. Nc6 Qb7 28. Nxd8 Rxd8 29. f4 f6 30. Kf2 Rc8 31. Ke1 Rxc1+ 32. Qxc1 a5 33. Qc3 b4 34. axb4 axb4 35. Qc4 Qb5 36. Qxb5 Bxb5 37. Bd2 Bd3 38. Kd1 f5 39. exf5 gxf5 40. fxe5 dxe5 41. Bxb4 e4 42. Kd2 Nf6 43. d6 Kf7 44. Bc5 Ke6 45. Ke3 Nh5 46. Kf2 f4 47. gxf4 Nxf4 48. Bh1 Nxh3+ 49. Ke3 Ng5 50. Bg2 Nf7 51. Bh3+ Kd5 52. b4 Nxd6 {[%emt 0:00:00] Kxe4+} 1-0

[Event "SVK-ch Open 2018"]
[Site "Banska Stiavnica"]
[Date "2018.07.10"]
[Round "4"]
[White "Sarkozy, Ladislav"]
[Black "Milcova, Zuzana"]
[Result "1/2-1/2"]
[ECO "D12"]
[WhiteElo "2247"]
[BlackElo "2002"]
[Annotator "NA"]
[PlyCount "37"]
[EventDate "2018.07.07"]
[EventType "swiss"]
[EventCountry "SVK"]
[SourceTitle "playchess.com"]
[Source "ChessBase"]
[SourceQuality "1"]
[TimeControl "40/5400+30:1800+30"]

1. d4 d5 2. c4 c6 3. Nf3 Nf6 4. e3 Bf5 5. Nc3 e6 6. Nh4 Bg4 7. Qb3 Qc8 8. h3 Bh5 9. g4 Bg6 10. Nxg6 hxg6 11. Bg2 Nbd7 12. e4 dxe4 13. Nxe4 Nxe4 14. Bxe4 e5 15. Be3 exd4 16. Bxd4 Nc5 17. Bxc5 Bxc5 18. O-O-O O-O 19. f4 1/2-1/2

[Event "SVK-ch Open 2018"]
[Site "Banska Stiavnica"]
[Date "2018.07.10"]
[Round "4"]
[White "Molnar, Erno"]
[Black "Odler, Daniel"]
[Result "1-0"]
[ECO "B33"]
[WhiteElo "2231"]
[BlackElo "2067"]
[Annotator "NA"]
[PlyCount "103"]
[EventDate "2018.07.07"]
[EventType "swiss"]
[EventCountry "SVK"]
[SourceTitle "playchess.com"]
[Source "ChessBase"]
[SourceQuality "1"]
[TimeControl "40/5400+30:1800+30"]

1. e4 c5 2. Nf3 Nc6 3. d4 cxd4 4. Nxd4 Nf6 5. Nc3 e6 6. Ndb5 Bb4 7. a3 Bxc3+ 8. Nxc3 d5 9. exd5 exd5 10. Bd3 O-O 11. O-O d4 12. Ne2 Bg4 13. Bg5 $11 {[%emt 0:03:38] LiveBook: 153 Games} Re8 14. Re1 Qd6 15. Qd2 Rad8 16. Ng3 Ne5 17. h3 Bd7 18. Bf1 h6 19. Bf4 g5 20. Bxe5 Rxe5 21. c4 Be6 22. Bd3 b6 23. Rxe5 Qxe5 24. Re1 Qc7 25. Qe2 Qf4 26. b3 a5 27. Bb1 Qd6 28. Qd3 Kf8 29. a4 Qb4 30. Rd1 Rd7 31. Ne2 g4 32. h4 Qc5 33. Bc2 Ke7 34. g3 Ke8 35. Nxd4 Qe5 36. Qe2 Qxe2 37. Nxe2 Rxd1+ 38. Bxd1 h5 39. Nf4 Bf5 40. Kf1 Kd7 41. Ke2 Kd6 42. Nd3 Nd7 43. Ke3 Bxd3 44. Kxd3 Ke5 45. f3 Nc5+ 46. Kc3 f5 47. b4 f4 48. gxf4+ Kxf4 49. bxc5 g3 50. cxb6 g2 51. b7 g1=Q 52. b8=Q+ 1-0

[Event "SVK-ch Open 2018"]
[Site "Banska Stiavnica"]
[Date "2018.07.10"]
[Round "4"]
[White "Sikora, Jan"]
[Black "Posa, Norbert"]
[Result "0-1"]
[ECO "B10"]
[WhiteElo "2209"]
[BlackElo "2036"]
[Annotator "NA"]
[PlyCount "68"]
[EventDate "2018.07.07"]
[EventType "swiss"]
[EventCountry "SVK"]
[SourceTitle "playchess.com"]
[Source "ChessBase"]
[SourceQuality "1"]
[TimeControl "40/5400+30:1800+30"]

1. e4 c6 2. Nc3 d5 3. Nf3 Nf6 4. e5 Ne4 5. Ne2 Qb6 6. d4 e6 7. Nfg1 f6 8. f3 Ng5 9. Bxg5 fxg5 10. Rb1 c5 11. Qd2 Nc6 12. Qxg5 cxd4 13. Nf4 Bb4+ 14. Kd1 Bd7 15. Bd3 g6 16. Nxg6 Rg8 17. Qf6 Ne7 18. Nxe7 Bxe7 19. Qh6 O-O-O 20. Qxh7 Bg5 21. g3 Rh8 22. Qf7 Rdf8 23. Qxf8+ Rxf8 24. h4 Be3 25. Ke2 Bb5 26. f4 Bxd3+ 27. cxd3 Qa5 28. Nh3 Qd2+ 29. Kf3 Qxd3 30. Rbd1 Qe4+ 31. Kg4 Rg8+ 32. Ng5 Qg2 33. h5 Qe2+ 34. Kh4 Rh8 0-1

[Event "SVK-ch Open 2018"]
[Site "Banska Stiavnica"]
[Date "2018.07.10"]
[Round "4"]
[White "Mrvova, Alena"]
[Black "Toma, Rudolf"]
[Result "1/2-1/2"]
[ECO "B12"]
[WhiteElo "2202"]
[BlackElo "2018"]
[Annotator "NA"]
[PlyCount "75"]
[EventDate "2018.07.07"]
[EventType "swiss"]
[EventCountry "SVK"]
[SourceTitle "playchess.com"]
[Source "ChessBase"]
[SourceQuality "1"]
[TimeControl "40/5400+30:1800+30"]

1. e4 c6 2. d4 d5 3. Bd3 dxe4 4. Bxe4 Nf6 5. Bf3 Bf5 6. Ne2 e6 7. c3 Nbd7 8. Nd2 e5 9. Ng3 Bg6 10. Qe2 Qe7 11. Nc4 e4 12. Bh5 Nxh5 13. Nxh5 Bxh5 14. Qxh5 g6 15. Qe2 b5 16. Na5 Qe6 17. O-O Bg7 18. Re1 f5 19. f3 Nf6 20. Bg5 O-O 21. Bxf6 Qxf6 22. fxe4 fxe4 23. Qxe4 Qf2+ 24. Kh1 Qxb2 25. Nxc6 Qxc3 26. Rad1 Qc4 27. Qe6+ Kh8 28. Qxc4 bxc4 29. Kg1 c3 30. d5 Rac8 31. Re4 Bh6 32. Rc4 Be3+ 33. Kh1 Bd2 34. g3 Rfd8 35. Rc5 Rxd5 36. Rxd5 Rxc6 37. R5xd2 cxd2 38. Rxd2 1/2-1/2

[Event "SVK-ch Open 2018"]
[Site "Banska Stiavnica"]
[Date "2018.07.10"]
[Round "4"]
[White "Jamrich, Gyorgy"]
[Black "Bochnicka, Vladimir"]
[Result "1-0"]
[ECO "B24"]
[WhiteElo "2200"]
[BlackElo "2092"]
[Annotator "NA"]
[PlyCount "53"]
[EventDate "2018.07.07"]
[EventType "swiss"]
[EventCountry "SVK"]
[SourceTitle "playchess.com"]
[Source "ChessBase"]
[SourceQuality "1"]
[TimeControl "40/5400+30:1800+30"]

1. e4 c5 2. Nc3 Nc6 3. g3 d6 4. Bg2 g6 5. f4 Bg7 6. Nf3 e6 7. O-O Nge7 8. Ne2 d5 9. e5 O-O 10. d4 c4 11. g4 b5 12. Qe1 b4 13. Qh4 Qb6 14. c3 a5 15. Kh1 Qd8 16. f5 exf5 17. Bh6 Re8 18. Ng5 Bh8 19. Ng3 Be6 20. gxf5 gxf5 21. Qh5 Qd7 22. Nxh7 Kxh7 23. Bg5+ Kg8 24. Bf6 Ng6 25. Qh6 Nce7 26. Bxh8 Nxh8 27. Nh5 1-0

[Event "SVK-ch Open 2018"]
[Site "Banska Stiavnica"]
[Date "2018.07.10"]
[Round "4"]
[White "Sikorova, Olga"]
[Black "Istok, Vojtech"]
[Result "1-0"]
[ECO "A15"]
[WhiteElo "2193"]
[BlackElo "1971"]
[Annotator "NA"]
[PlyCount "121"]
[EventDate "2018.07.07"]
[EventType "swiss"]
[EventCountry "SVK"]
[SourceTitle "playchess.com"]
[Source "ChessBase"]
[SourceQuality "1"]
[TimeControl "40/5400+30:1800+30"]

1. c4 Nf6 2. g3 c5 3. Bg2 Nc6 4. Nc3 g6 5. e4 Bg7 6. Nge2 O-O 7. O-O d6 8. d3 Bg4 9. f3 Bd7 10. h3 Ne8 11. f4 f5 12. Be3 Nd4 13. Qd2 Bc6 14. Rae1 Nc7 15. b4 Nxe2+ 16. Nxe2 cxb4 17. Qxb4 Na6 18. Qd2 e5 19. fxe5 dxe5 20. Nc3 fxe4 21. Nxe4 Qc7 22. Bg5 Qb6+ 23. Kh2 Nc5 24. Be3 Nxe4 25. Bxe4 Qc7 26. Qg2 Bxe4 27. Qxe4 Rad8 28. Rxf8+ Rxf8 29. Rb1 b6 30. Rb5 Qf7 31. Qd5 h6 32. Kg2 Kh7 33. Qxf7 Rxf7 34. Rd5 g5 35. a4 Kg6 36. a5 bxa5 37. Rxa5 Rd7 38. Ra3 a5 39. Kf3 Bf8 40. Rxa5 Rxd3 41. Rxe5 Rc3 42. Re6+ Kf5 43. Rc6 h5 44. g4+ hxg4+ 45. hxg4+ Ke5 46. c5 Kd5 47. Rf6 Rxe3+ 48. Kxe3 Bxc5+ 49. Kd3 Be7 50. Rf5+ Ke6 51. Ke4 Bd8 52. Rc5 Kf7 53. Kf5 Bb6 54. Rc3 Ba5 55. Rc2 Bd8 56. Rc8 Bf6 57. Rc7+ Be7 58. Rxe7+ Kxe7 59. Kxg5 Kf7 60. Kh6 Kg8 61. g5 1-0

[Event "SVK-ch Open 2018"]
[Site "Banska Stiavnica"]
[Date "2018.07.10"]
[Round "4"]
[White "Lintner, Igor"]
[Black "Dylag, Emilia"]
[Result "1/2-1/2"]
[ECO "A45"]
[WhiteElo "2173"]
[BlackElo "1935"]
[Annotator "NA"]
[PlyCount "86"]
[EventDate "2018.07.07"]
[EventType "swiss"]
[EventCountry "SVK"]
[SourceTitle "playchess.com"]
[Source "ChessBase"]
[SourceQuality "1"]
[TimeControl "40/5400+30:1800+30"]

1. d4 Nf6 2. Bf4 g6 3. Nc3 Bg7 4. e4 d6 5. Qd2 h5 6. O-O-O Nbd7 7. f3 Nb6 8. h4 c6 9. Kb1 Qc7 10. Be2 Bd7 11. e5 Nfd5 12. exd6 Nxc3+ 13. Qxc3 exd6 14. Qa3 Bf8 15. Bd3 O-O-O 16. Qxa7 Nd5 17. Bd2 b5 18. Qa8+ Qb8 19. Qa5 Qb6 20. Qxb6 Nxb6 21. Ne2 Bg7 22. c3 Kc7 23. Rhe1 Ra8 24. Nc1 Bf6 25. g3 Nc4 26. Bf4 Rhg8 27. Nb3 g5 28. Bc1 gxh4 29. gxh4 Bxh4 30. Rh1 Bg5 31. Rxh5 Bxc1 32. Rxc1 Rg2 33. Rc2 Rg1+ 34. Rc1 Rxc1+ 35. Nxc1 Nd2+ 36. Kc2 Nxf3 37. Be4 Ne1+ 38. Kd2 Re8 39. Rh4 Bf5 40. Kxe1 Rxe4+ 41. Rxe4 Bxe4 42. Kd2 Kb6 43. Ke3 Bb1 {[%emt 0:00:00] Ke4} 1/2-1/2

[Event "SVK-ch Open 2018"]
[Site "Banska Stiavnica"]
[Date "2018.07.10"]
[Round "4"]
[White "Nogrady, Vilmos"]
[Black "Pereszlenyi, Gejza"]
[Result "0-1"]
[ECO "B04"]
[WhiteElo "2154"]
[BlackElo "1899"]
[Annotator "NA"]
[PlyCount "140"]
[EventDate "2018.07.07"]
[EventType "swiss"]
[EventCountry "SVK"]
[SourceTitle "playchess.com"]
[Source "ChessBase"]
[SourceQuality "1"]
[TimeControl "40/5400+30:1800+30"]

1. e4 Nf6 2. e5 Nd5 3. d4 d6 4. Nf3 Nc6 5. Be2 dxe5 6. dxe5 Bf5 7. O-O Ndb4 8. Na3 Qxd1 9. Bxd1 O-O-O 10. c3 Nd3 11. Nc2 Ndxe5 12. Ncd4 Nxf3+ 13. Bxf3 Nxd4 14. cxd4 e6 15. Be3 a6 16. Rfc1 Bd6 17. Rc3 Rd7 18. a3 c6 19. Rac1 Bc7 20. b4 Kb8 21. a4 Bd6 22. Rb3 f6 23. b5 cxb5 24. axb5 a5 25. Ra1 Bb4 26. Bf4+ Bd6 27. Bxd6+ Rxd6 28. Rxa5 Rxd4 29. b6 Rhd8 30. h3 R8d6 31. Ra7 Be4 32. Bxe4 Rxe4 33. Ra2 Re1+ 34. Kh2 Rc1 35. Ra4 Rcc6 36. Rab4 e5 37. Rb2 Kc8 38. g3 Kd7 39. Kg2 Ke6 40. Rb5 f5 41. R5b4 g5 42. R4b3 h5 43. Rb5 g4 44. R5b4 e4 45. Rb5 Rd1 46. Rb1 Rd2 47. hxg4 hxg4 48. Rh1 Rd5 49. Rh6+ Ke5 50. Rxc6 Rxb5 51. Rg6 e3 52. fxe3 Rb2+ 53. Kf1 Ke4 54. Rf6 Kxe3 55. Rxf5 Rb1+ 56. Kg2 Rxb6 57. Rf4 Rg6 58. Rb4 b6 59. Rb5 Kd4 60. Kf2 Kc4 61. Rf5 b5 62. Ke3 b4 63. Rf8 b3 64. Rb8 Rg5 65. Kd2 Rd5+ 66. Kc1 Rd3 67. Rc8+ Kd4 68. Rd8+ Ke3 69. Rf8 Ke2 70. Re8+ Kf3 0-1

[Event "SVK-ch Open 2018"]
[Site "Banska Stiavnica"]
[Date "2018.07.10"]
[Round "4"]
[White "Bango, Lukas"]
[Black "Gzib, David"]
[Result "1/2-1/2"]
[ECO "B35"]
[WhiteElo "2148"]
[BlackElo "1939"]
[Annotator "NA"]
[PlyCount "118"]
[EventDate "2018.07.07"]
[EventType "swiss"]
[EventCountry "SVK"]
[SourceTitle "playchess.com"]
[Source "ChessBase"]
[SourceQuality "1"]
[TimeControl "40/5400+30:1800+30"]

1. e4 c5 2. Nf3 Nc6 3. d4 cxd4 4. Nxd4 g6 5. Nc3 Bg7 6. Be3 Nf6 7. Bc4 Qa5 8. O-O O-O 9. Bb3 d6 10. h3 Bd7 11. f4 a6 12. Nxc6 Bxc6 13. Qd3 b5 14. Nd5 Nxd5 15. exd5 Bd7 16. Bd4 Bf5 17. Qe3 Bxd4 18. Qxd4 Rac8 19. Rf2 Qc7 20. g4 Bd7 21. Re1 a5 22. c3 a4 23. Bd1 e6 24. a3 exd5 25. Bf3 Qc5 26. Re7 Bc6 27. g5 Rfe8 28. Rfe2 b4 29. axb4 Qxd4+ 30. cxd4 Rxe7 31. Rxe7 Kf8 32. Bg4 Rb8 33. Rc7 Be8 34. Rc8 Rb7 35. f5 gxf5 36. Bxf5 Ke7 37. Rc2 Rxb4 38. Re2+ Kf8 39. Rd2 Kg7 40. h4 Bb5 41. h5 h6 42. g6 Be8 43. Re2 fxg6 44. hxg6 Bxg6 45. Rg2 Kf6 46. Bxg6 Rxd4 47. Be8 Re4 48. Bc6 Ke5 49. Rd2 Rb4 50. Rxd5+ Ke6 51. Rd2 Ke5 52. Be8 Kf4 53. Kf2 d5 54. Bc6 d4 55. Ke2 d3+ 56. Kxd3 a3 57. Rf2+ Kg5 58. Rg2+ Kf6 59. Rf2+ Kg5 {[%emt 0:00:08] Ke4} 1/2-1/2

[Event "SVK-ch Open 2018"]
[Site "Banska Stiavnica"]
[Date "2018.07.10"]
[Round "4"]
[White "Zatko, Gregor"]
[Black "Petran, Peter"]
[Result "1-0"]
[ECO "A40"]
[WhiteElo "2144"]
[BlackElo "2302"]
[Annotator "NA"]
[PlyCount "93"]
[EventDate "2018.07.07"]
[EventType "swiss"]
[EventCountry "SVK"]
[SourceTitle "playchess.com"]
[Source "ChessBase"]
[SourceQuality "1"]
[TimeControl "40/5400+30:1800+30"]

1. d4 g6 2. Bf4 Bg7 3. e3 d6 4. Nf3 Nd7 5. h3 b6 6. a4 a6 7. Nbd2 Bb7 8. a5 e5 9. Bg5 f6 10. Bh4 e4 11. Ng1 b5 12. c4 bxc4 13. Bxc4 Ne7 14. f3 d5 15. Ba2 exf3 16. Ngxf3 O-O 17. O-O Kh8 18. b4 Bc6 19. Re1 Re8 20. Bb1 Rb8 21. Qb3 Bb5 22. Qc3 c6 23. Bg3 Rb7 24. Nb3 Bh6 25. e4 dxe4 26. Bxe4 Bg7 27. Nc5 Nxc5 28. Qxc5 Bf8 29. Qc3 Rd7 30. Rad1 Nd5 31. Bxd5 Rxd5 32. Rxe8 Qxe8 33. Re1 Qf7 34. Nd2 Rd8 35. Ne4 Bg7 36. Nd6 Qd5 37. Qc5 Qg8 38. Qa7 Qf8 39. Nf7+ Kg8 40. Nxd8 Qxd8 41. Re7 Bf8 42. Rb7 Qd5 43. Rd7 Qe6 44. Rd8 Qf7 45. Qb8 Kg7 46. Bd6 Bxd6 47. Qxd6 1-0

[Event "SVK-ch Open 2018"]
[Site "Banska Stiavnica"]
[Date "2018.07.10"]
[Round "4"]
[White "Horvath, Julia"]
[Black "Kuna, Martin"]
[Result "1-0"]
[ECO "D15"]
[WhiteElo "2107"]
[BlackElo "1947"]
[Annotator "NA"]
[PlyCount "82"]
[EventDate "2018.07.07"]
[EventType "swiss"]
[EventCountry "SVK"]
[SourceTitle "playchess.com"]
[Source "ChessBase"]
[SourceQuality "1"]
[TimeControl "40/5400+30:1800+30"]

1. d4 d5 2. c4 c6 3. Nf3 Nf6 4. Nc3 a6 5. a4 dxc4 6. e4 e6 7. Bxc4 c5 8. e5 cxd4 9. Nxd4 Nd5 10. O-O Nxc3 11. bxc3 Qc7 12. Qe2 Nd7 13. Nf3 b6 14. Bf4 Bb7 15. Nd4 Nc5 16. Rfe1 Be7 17. Qg4 h5 18. Qe2 g5 19. Bc1 O-O-O 20. Ba3 a5 21. Bxc5 Bxc5 22. Nb5 Qb8 23. Rad1 Qa8 24. Qf1 g4 25. Nd6+ Rxd6 26. Rxd6 h4 27. Rd4 Bxd4 28. cxd4 h3 29. g3 Kd8 30. d5 exd5 31. Bb5 Ke7 32. Qd3 Bc6 33. Qa3+ Ke8 34. e6 f5 35. Qc3 Ke7 36. Bxc6 Qc8 37. Qa3+ Kf6 38. Qb2+ Ke7 39. Bxd5 Rd8 40. Qg7+ Kd6 41. e7 Kxd5 1-0